 Dungeon Crawl Stone Soup version 0.30.0-3-ga4e48a9924 (webtiles) character file.

Game seed: 1755691685743490113

518 avis the Sneak (level 7, 0/35 HPs)
             Began as a Vine Stalker Brigand on May 7, 2023.
             Succumbed to Eustachio's poison
             ... on level 4 of the Dungeon.
             The game lasted 00:28:37 (3681 turns).

avis the Sneak (Vine Stalker Brigand)               Turns: 3681, Time: 00:28:38

Health: 0/35       AC:  4    Str: 14    XL:     7   Next: 21%
Magic:  9/11       EV: 12    Int: 11    God:
Gold:   292        SH:  0    Dex: 17    Spells: 10/10 levels left

rFire   . . .        a - +2 dagger (speed)
rCold   . . .        (no shield)
rNeg    . . .        b - +0 robe
rPois   .            (no helmet)
rElec   .            c - +0 cloak
rCorr   .            j - +0 pair of gloves
SInv    .            (no boots)
Will    .....        (no amulet)
Stlth   +++          (no ring)
HPRegen 1.05/turn    (no ring)
MPRegen 0.12/turn

%: guardian spirit
@: lethally poisoned (0 -> -11)
A: fangs 2, regeneration 1, magic shield, antimagic bite, no potion heal 2
a: no special abilities


You were on level 4 of the Dungeon.
You visited 1 branch of the dungeon, and saw 4 of its levels.

You collected 292 gold pieces.

Inventory:

Hand Weapons
 a - a +2 dagger of speed (weapon)
 g - a +0 short sword
 k - a +2 dagger
Missiles
 d - 15 poisoned darts (quivered)
 e - 3 curare-tipped darts
 s - a boomerang
 t - 3 javelins
Armour
 b - a +0 robe (worn)
 c - a +0 cloak (worn)
 j - a +0 pair of gloves (worn)
 m - a +0 ring mail
Scrolls
 f - 6 scrolls of identify
 i - a scroll of brand weapon {unknown}
 n - a scroll of fear {unknown}
 p - a scroll of poison {unknown}
 w - 2 scrolls of fog
Potions
 h - 2 potions of ambrosia
 l - a potion of lignification {unknown}
 o - a potion of magic
 q - a potion of degeneration {unknown}
 r - a potion of cancellation {unknown}
 u - a potion of curing {unknown}
 v - a potion of haste {unknown}


   Skills:
 - Level 2.0 Fighting
 * Level 5.6 Short Blades
 - Level 2.0 Throwing
 - Level 2.0 Dodging
 - Level 6.0 Stealth
 - Level 2.0 Spellcasting


You had 10 spell levels left.
You didn't know any spells.
Your spell library contained the following spells:

 Spells                   Type           Power      Damage    Failure   Level
 Scorch                   Fire           2%         2d5       41%         2
 Hailstorm                Conj/Ice       1%         3d3       65%         3
 Inner Flame              Hex/Fire       1%         N/A       65%         3
 Flame Wave               Conj/Fire      1%         2d4       96%         4
 Ice Form                 Ice/Tmut       1%         N/A       96%         4
 Sticky Flame             Conj/Fire      1%         2d3       96%         4
 Simulacrum               Ice/Necr       0%         N/A       100%        6
 Summon Cactus Giant      Summ           0%         N/A       100%        6


Dungeon Overview and Level Annotations

Branches:
Dungeon (4/15)
 Temple: D:4-7

Altars:
Gozag
Makhleb
Trog
Zin

Annotations:
D:4 Eustachio


Innate Abilities, Weirdness & Mutations

You have extremely sharp teeth.
Your natural rate of healing is unusually fast.
When hurt, damage is shared between your health and your magic reserves.
Your bite disrupts and absorbs the magic of your enemies.
Potions cannot restore your health.


Message History

You hit Eustachio but do no damage. Your bite misses Eustachio.
Eustachio is lightly wounded.
You feel sick.
Eustachio hits you with a +3 rapier of venom!
You closely miss Eustachio.
Eustachio is lightly wounded.
You feel sick.
You hit Eustachio. You bite Eustachio.
Eustachio's magic leaks into the air.
You drain his magic.
You feel invigorated.
Eustachio is moderately wounded.
You feel sick.
You hit Eustachio but do no damage. Your bite misses Eustachio.
Eustachio is moderately wounded.
Eustachio hits you with a +3 rapier of venom.
You are more poisoned.
You closely miss Eustachio.
Eustachio is moderately wounded.
You feel sick.
You miss Eustachio. You bite Eustachio.
Eustachio's magic leaks into the air.
You drain his magic.
You feel invigorated.
Eustachio is moderately wounded.
You feel sick.
Eustachio hits you with a +3 rapier of venom.
As you read the scroll labelled RAJ RUERIKHAZE, it crumbles to dust.
It is a scroll of identify.
h - 2 potions of ambrosia You feel very sick.
Eustachio hits you with a +3 rapier of venom!
* * * LOW HITPOINT WARNING * * *
It was a potion of magic.
Magic courses through your body.
* * * LOW HITPOINT WARNING * * *
You feel very sick.
Eustachio hits you with a +3 rapier of venom.
* * * LOW HITPOINT WARNING * * *
You are lethally poisoned!
The steam dragon breathes steam at you. The ball of steam misses you.
As you read the scroll labelled WAEWI KAES, it crumbles to dust.
The scroll dissolves into smoke.
It was a scroll of fog.
You die...

.............. #..
#........... #..
#........... #.. ...
......#....##. ####.. #.#
.#... #....#..
#.....##.##..#.# ####....
#..... .§D§....# ##.###
#..... #§@§.# #...##
#.....##@§§.# #.....
#......§§§§.# #.....
#..##).#§§### ####....
.!##.#...########(##....
#.....!.............#....
#################........
#........ ###..#..#
##.####


You could see Eustachio (magic disrupted) and a steam dragon (catching breath).

Vanquished Creatures
  A water moccasin (D:3)
  An ogre (D:4)
  A hound (D:4)
  A jelly (D:4)
  Natasha (thrice) (D:2)
  4 orc wizards (D:3)
  A gnoll (D:1)
  2 adders
  A worm (D:3)
  A dart slug (D:2)
  6 orcs (D:3)
  A ball python (D:1)
  6 endoplasms
  2 giant cockroaches
  4 goblins
  4 hobgoblins
  3 quokkas
  6 bats
  3 frilled lizards
  7 kobolds
  4 rats
  A spectral goblin (D:1)
  A bush (D:1)
64 creatures vanquished.

Notes
Turn   | Place    | Note
-------+----------+-------------------------------------------
     0 | D:1      | avis the Vine Stalker Brigand began the quest for the Orb.
     0 | D:1      | Reached XP level 1. HP: 11/11 MP: 2/2
   308 | D:1      | Reached skill level 1 in Spellcasting
   308 | D:1      | Reached skill level 1 in Dodging
   308 | D:1      | Reached skill level 5 in Stealth
   308 | D:1      | Reached XP level 2. HP: 15/15 MP: 2/4
   710 | D:1      | Found a faded altar of an unknown god.
  1268 | D:2      | Noticed Natasha
  1274 | D:2      | Killed Natasha
  1275 | D:2      | Reached XP level 3. HP: 18/18 MP: 6/6
  1407 | D:2      | Noticed Natasha
  1433 | D:2      | Gained mutation: Your natural rate of healing is unusually
                  | fast. [Vine Stalker growth]
  1433 | D:2      | Reached XP level 4. HP: 18/23 MP: 8/8
  1466 | D:2      | Killed Natasha
  1558 | D:2      | Noticed Natasha
  2038 | D:2      | Killed Natasha
  2039 | D:2      | Reached XP level 5. HP: 26/26 MP: 9/9
  2170 | D:3      | Found a burning altar of Makhleb.
  2565 | D:3      | Found a glowing silver altar of Zin.
  2579 | D:3      | Found an opulent altar of Gozag.
  2636 | D:3      | Reached XP level 6. HP: 26/30 MP: 7/10
  2995 | D:3      | Noticed a water moccasin
  2999 | D:3      | Killed a water moccasin
  3363 | D:4      | Found a bloodstained altar of Trog.
  3372 | D:4      | Reached skill level 5 in Short Blades
  3382 | D:4      | Noticed a steam dragon
  3512 | D:4      | Reached skill level 6 in Stealth
  3512 | D:4      | Reached XP level 7. HP: 32/35 MP: 6/11
  3640 | D:4      | Noticed Eustachio
  3681 | D:4      | Succumbed to Eustachio's poison

Illustrated notes

Levels and vault maps discovered:
D:1:      onia_arrival_mini_spirals, layout_basic, serial_forest,
          infiniplex_forest_clump_cross, infiniplex_forest_zigzag_1,
          infiniplex_forest_straight_2, infiniplex_forest_corner_1,
          infiniplex_forest_lined_room_2, infiniplex_forest_zigzag_1,
          infiniplex_forest_corner_1, infiniplex_forest_lined_2,
          dreamdust_ecumenical_altar_drowned_temple
D:2:      layout_rooms, uniq_natasha
D:3:      layout_basic, mainiacjoe_overflow_boulevard,
          mainiacjoe_overflow_chevrons, zin_academy
D:4:      layout_cave_pools, nicolae_overflow_hidden_temple, minmay_liquid_box,
          hangedman_abyss_or_decor_lesser_grid, grunt_ministairs_9,
          minmay_misc_feat_tower, minmay_misc_feat_roman,
          uniq_crazy_yiuf_cottage, uniq_eustachio, uniq_blork_the_orc

Skill      XL: |  1  2  3  4  5  6 |
---------------+-------------------+-----
Fighting       | 2 |  2.0
Short Blades   | 2 3 4 5 |  5.6
Spellcasting   | 1 2 |  2.0
Dodging        | 1 2 |  2.0
Stealth        | 5 6 |  6.0
Throwing       | 2 |  2.0

Action                     |  1- 3 |  4- 6 |  7- 9 || total
---------------------------+-------+-------+-------++-------
  Melee: Dagger            |   194 |   185 |    19 ||   398
         Bite              |    87 |    43 |     6 ||   136
         Punch             |     2 |     6 |       ||     8
  Throw: Dart              |       |     3 |       ||     3
    Use: Scroll            |       |       |     2 ||     2
         Potion            |       |       |     1 ||     1
   Stab: Sleeping          |     6 |     7 |     2 ||    15
 Armour: Robe              |     5 |    24 |     3 ||    32
  Dodge: Dodged            |    19 |    52 |     2 ||    73
